 Dungeon Crawl Stone Soup version 0.26-a0-540-g8a0c9464d7 (webtiles) character file.

Game seed: 7640158725598200396

21364 HammerPanzer the Bludgeoner (level 12, -12/115 HPs)
             Began as a Minotaur Berserker on Aug 18, 2020.
             Was the Champion of Trog.
             Killed from afar by a fire dragon (22 damage)
             ... with a blast of flame
             ... on level 13 of the Dungeon.
             The game lasted 00:50:11 (11977 turns).

HammerPanzer the Bludgeoner (Minotaur Berserker)   Turns: 11977, Time: 00:50:12

Health: -12/115    AC: 14    Str: 28      XL:     12   Next: 53%
Magic:  11/11      EV: 11    Int:  0 (3)  God:    Trog [******]
Gold:   1041       SH:  0    Dex: 11      Spells: 11/11 levels left

rFire    + . .     SeeInvis .   d - +4 great mace (vorpal)
rCold    + . .     Faith    .   (shield currently unavailable)
rNeg     . . .     Spirit   .   q - +3 ring mail of Ebiac {rC+ Str+4 Int-3}
rPois    .         Reflect  .   (helmet restricted)
rElec    .         Harm     .   u - +2 cloak
rCorr    .                      (no gloves)
MR       .....                  f - +0 pair of boots
Stlth    +.........             s - amulet of regeneration
HPRegen  0.69/turn              p - ring of protection from fire
MPRegen  0.12/turn              (no ring)

@: mighty, slowed, lost intelligence, very slow
A: retaliatory headbutt, horns 2
a: Berserk, Trog's Hand, Brothers in Arms, Renounce Religion


You were on level 13 of the Dungeon.
You worshipped Trog.
Trog was exalted by your worship.
You visited 1 branch of the dungeon, and saw 13 of its levels.
You also visited: Ice Cave.

You collected 1041 gold pieces.

Inventory:

Hand Weapons
 d - a +4 vorpal great mace (weapon)
 H - the +5 hand axe of Squeaky Conscience {venom, rC+ Int+5}
   (You found it in an ice cave)

   It poisons the flesh of those it strikes.
   It affects your intelligence (+5).
   It protects you from cold.
 K - a +4 executioner's axe of freezing
Missiles
 t - 4 boomerangs of dispersal (quivered)
Armour
 f - a +0 pair of boots (worn)
 q - the +3 ring mail of Ebiac (worn) {rC+ Str+4 Int-3}
   (You found it on level 9 of the Dungeon)

   It affects your strength (+4).
   It affects your intelligence (-3).
   It protects you from cold.
 u - a +2 cloak (worn)
 J - a +2 plate armour of cold resistance
 N - a +0 troll leather armour
Jewellery
 p - a ring of protection from fire (left hand)
 s - an amulet of regeneration (around neck)
 G - an uncursed ring of ice
Wands
 a - a wand of disintegration (10)
 g - a wand of iceblast (5)
 w - a wand of polymorph (6)
 F - a wand of random effects (16)
Scrolls
 c - 3 scrolls of teleportation
 e - 4 scrolls of remove curse
 h - 3 scrolls of identify
 i - 4 scrolls of immolation
 n - a scroll of silence
 v - 3 scrolls of blinking
 x - a scroll of acquirement {unknown}
 y - a scroll of fear
 C - a scroll of amnesia
 M - a scroll of enchant armour
Potions
 j - 2 potions of mutation
 k - 8 potions of curing
 l - a potion of stabbing
 m - a potion of cancellation
 o - a potion of haste
 r - a potion of invisibility
 z - a potion of might
 A - 3 potions of lignification
 B - 2 potions of resistance
 E - a potion of brilliance
 I - 2 potions of flight


   Skills:
 + Level 13.4 Fighting
 + Level 4.4(12.7) Axes
 * Level 17.8(18.0) Maces & Flails
 + Level 9.1 Armour
 - Level 2.1 Dodging


You had 11 spell levels left.
You didn't know any spells.
Your spell library was empty.

Dungeon Overview and Level Annotations

Branches:
Dungeon (13/15)            Temple (0/1) D:4            Lair (0/6) D:8
    Orc (0/2) D:11          IceCv (visited)
 Vaults: D:13-14

Altars:
Dithmenos
Elyvilon
Fedhas
Gozag
Hepliaklqana
Nemelex Xobeh
Okawaru
Qazlal
Ru
Sif Muna
Wu Jian
The Shining One
Beogh

Annotations:
D:13 3 runed translucent doors


Innate Abilities, Weirdness & Mutations

You reflexively headbutt those who attack you in melee.
You have a pair of horns on your head.


Message History

The iron troll closely misses you. The iron troll barely misses you.
The centaur warrior zombie hits you.
* * * LOW HITPOINT WARNING * * *
The centaur warrior zombie hits you but does no damage.
The centaur warrior zombie hits you but does no damage.
The centaur warrior zombie hits you but does no damage.
The fire dragon breathes flames at you. The blast of flame hits you.
You resist.
* * * LOW HITPOINT WARNING * * *
You almost manage to decipher the scroll, but fail in this attempt.
The fire dragon bites you but does no damage.
The fire dragon claws you.
* * * LOW HITPOINT WARNING * * *
The fire dragon completely misses you. The fire dragon breathes flames at you.
The blast of flame hits you! You resist.
* * * LOW HITPOINT WARNING * * *
The fire dragon breathes flames at you. The blast of flame hits you!!
You resist.
You die...

..######.##.#######
..# #.##.##
..######.##..#
.............#
..##########.#
..#.Z..DZ..#.#
..#..# #.# ..#.D#
#.###### ..#..#
#....@.#
..#..#######.####.#
..#.............#D#
#.#####...##..#C#.#
..............#.#T#
#..#..##.##...#C#C#
.#.#.........D#T#Z#
<#...##...#.#...#.#
##........#.#.###.#


You could see a fire dragon (catching breath), an iron troll, an ettin and a
centaur warrior zombie.

Vanquished Creatures
  3 two-headed ogres
  An orange crystal statue (D:13)
  2 cyclopes
  A deep elf mage (D:9)
  4 ugly things
  Joseph (D:9)
  3 ice statues (IceCv)
  5 gargoyles
  A komodo dragon (D:8)
  6 trolls
  2 hornets (D:9)
  Grinder (D:6)
  5 hippogriffs
  Prince Ribbit (D:6)
  A wraith (D:8)
  A shadow (D:13)
  A yak (D:8)
  3 basilisks
  3 wyverns
  Edmund (D:4)
  A water moccasin (D:6)
  A soldier ant (D:13)
  A sky beast (D:10)
  Duvessa (D:4)
  10 ice beasts
  A swamp drake (D:8)
  A hornet zombie (D:8)
  7 orc warriors
  A black bear (D:10)
  A phantom (D:6)
  9 ogres
  A crocodile (D:9)
  A wolf (D:8)
  2 gnoll sergeants
  2 big kobolds
  Blork the orc (D:5)
  3 bullfrogs
  Dowan (D:4)
  2 scorpions
  14 killer bees
  19 wights
  7 howler monkeys
  2 centaur zombies
  3 bullfrog zombies
  Crazy Yiuf (D:4)
  9 hounds
  3 jellies
  9 orc priests
  A water moccasin simulacrum (D:8)
  2 bullfrog skeletons
  3 centaur skeletons
  5 iguanas
  Jessica (D:3)
  Natasha (thrice) (D:3)
  14 orc wizards
  Ijyb (D:4)
  11 worker ants
  2 centaur simulacra (D:8)
  2 hound zombies
  A hound skeleton (D:7)
  A worker ant zombie (D:7)
  2 howler monkey zombies
  8 gnolls
  12 adders
  A shadow imp (D:9)
  2 white imps
  An ufetubus (D:8)
  2 oozes
  7 worms
  A dart slug (D:1)
  6 leopard geckos
  87 orcs
  6 bats
  13 giant cockroaches
  8 hobgoblins
  13 jackals
  15 kobolds
  7 quokkas
  4 frilled lizards
  4 goblins
  A quokka simulacrum (D:8)
  A quokka skeleton (D:10)
  6 rats
414 creatures vanquished.

Vanquished Creatures (others)
  A wyvern (D:8)
1 creature vanquished.

Grand Total: 415 creatures vanquished

Notes
Turn   | Place    | Note
-------+----------+-------------------------------------------
     0 | D:1      | HammerPanzer the Minotaur Berserker began the quest for the
                  | Orb.
     0 | D:1      | Reached XP level 1. HP: 19/19 MP: 0/0
   117 | D:1      | Reached skill level 4 in Maces & Flails
   126 | D:1      | Reached XP level 2. HP: 22/27 MP: 1/1
   457 | D:1      | Reached XP level 3. HP: 33/33 MP: 2/2
   717 | D:2      | Reached ** piety under Trog
   808 | D:2      | Reached skill level 5 in Maces & Flails
   856 | D:2      | Reached XP level 4. HP: 36/41 MP: 3/3
  1051 | D:2      | Found a white marble altar of Elyvilon.
  1148 | D:2      | Found an iron altar of Okawaru.
  1524 | D:3      | Noticed Jessica
  1536 | D:3      | Killed Jessica
  1536 | D:3      | Reached skill level 6 in Maces & Flails
  1536 | D:3      | Reached XP level 5. HP: 47/47 MP: 4/4
  1612 | D:3      | Reached skill level 5 in Fighting
  1781 | D:3      | Noticed Natasha
  1789 | D:3      | Killed Natasha
  1945 | D:3      | Reached *** piety under Trog
  2178 | D:3      | Found a shadowy altar of Dithmenos.
  2178 | D:3      | Noticed a shadow
  2178 | D:3      | Noticed Natasha
  2179 | D:3      | Found a hazy altar of Hepliaklqana.
  2182 | D:3      | Killed Natasha
  2216 | D:3      | Noticed Natasha
  2223 | D:3      | Killed Natasha
  2455 | D:3      | Found a sparkling altar of Nemelex Xobeh.
  2456 | D:3      | Found an ornate altar of the Wu Jian Council.
  2506 | D:4      | Reached skill level 7 in Maces & Flails
  2506 | D:4      | Reached XP level 6. HP: 49/56 MP: 5/5
  2547 | D:4      | Noticed Ijyb
  2556 | D:4      | Killed Ijyb
  2575 | D:4      | Found a staircase to the Ecumenical Temple.
  2604 | D:4      | Noticed Edmund
  2613 | D:4      | Killed Edmund
  2613 | D:4      | Reached skill level 8 in Maces & Flails
  2613 | D:4      | Reached XP level 7. HP: 63/63 MP: 6/6
  2668 | D:4      | Noticed Duvessa
  2688 | D:4      | Noticed Dowan
  2741 | D:4      | Killed Duvessa
  2744 | D:4      | Killed Dowan
  2744 | D:4      | Reached skill level 9 in Maces & Flails
  3346 | D:4      | Reached XP level 8. HP: 72/73 MP: 7/7
  3362 | D:4      | Found a sacrificial altar of Ru.
  3461 | D:4      | Reached skill level 10 in Maces & Flails
  3507 | D:4      | Found a runed translucent door.
  3508 | D:4      | Noticed Crazy Yiuf
  3675 | D:4      | Killed Crazy Yiuf
  3734 | D:5      | Entered Level 5 of the Dungeon
  3738 | D:5      | Reached **** piety under Trog
  3778 | D:5      | Found a glowing golden altar of the Shining One.
  4251 | D:5      | Noticed Blork the orc
  4258 | D:5      | Killed Blork the orc
  4522 | D:6      | Found a white marble altar of Elyvilon.
  4522 | D:6      | Noticed Prince Ribbit
  4558 | D:6      | Reached skill level 11 in Maces & Flails
  4583 | D:6      | Killed Prince Ribbit
  4624 | D:6      | Reached XP level 9. HP: 82/82 MP: 8/8
  4666 | D:6      | Found a shimmering blue altar of Sif Muna.
  4741 | D:6      | Found an opulent altar of Gozag.
  4902 | D:6      | Noticed Grinder
  4907 | D:6      | Killed Grinder
  4907 | D:6      | Reached skill level 12 in Maces & Flails
  5021 | D:7      | Found a blossoming altar of Fedhas.
  5021 | D:7      | Found the +6 arbalest "Damnation" {damnation}
  6363 | D:8      | Reached skill level 13 in Maces & Flails
  6455 | D:8      | Reached ***** piety under Trog
  6472 | D:8      | Reached skill level 10 in Fighting
  6580 | D:8      | Received a gift from Trog
  6759 | D:8      | Reached XP level 10. HP: 92/94 MP: 9/9
  6882 | D:8      | Reached skill level 14 in Maces & Flails
  7186 | D:8      | Found a staircase to the Lair.
  7287 | D:9      | Noticed Joseph
  7308 | D:9      | Killed Joseph
  7482 | D:9      | Noticed a gargoyle
  7488 | D:9      | Killed a gargoyle
  7498 | D:9      | Noticed a deep elf mage
  7505 | D:9      | Killed a deep elf mage
  7505 | D:9      | Reached skill level 15 in Maces & Flails
  7537 | D:9      | Got an ancient ring mail
  7570 | D:9      | Identified the +3 ring mail of Ebiac {rC+ Str+4 Int-3} (You
                  | found it on level 9 of the Dungeon)
  7636 | D:9      | Reached skill level 5 in Armour
  7695 | D:9      | Noticed a gargoyle
  7708 | D:9      | Killed a gargoyle
  7800 | D:9      | Reached XP level 11. HP: 98/104 MP: 10/10
  8011 | D:9      | Found a roughly hewn altar of Beogh.
  8394 | D:10     | Entered Level 10 of the Dungeon
  8538 | D:10     | Noticed a two-headed ogre
  8546 | D:10     | Killed a two-headed ogre
  8565 | D:10     | Received a gift from Trog
  8733 | D:10     | Reached skill level 16 in Maces & Flails
  8878 | D:10     | Noticed a two-headed ogre
  8885 | D:10     | Killed a two-headed ogre
  9381 | D:11     | Found a frozen archway.
  9393 | IceCv    | Entered an ice cave
  9494 | IceCv    | Got a translucent hand axe
  9498 | IceCv    | Noticed a white ugly thing
  9506 | IceCv    | Killed a white ugly thing
  9578 | IceCv    | Noticed a white ugly thing
  9593 | IceCv    | Killed a white ugly thing
  9692 | IceCv    | Identified the +5 hand axe of Squeaky Conscience {venom,
                  | rC+ Int+5} (You found it in an ice cave)
  9744 | D:11     | Reached skill level 17 in Maces & Flails
  9887 | D:11     | Reached skill level 1 in Axes
  9929 | D:11     | Reached XP level 12. HP: 106/113 MP: 11/11
  9944 | D:11     | Found a staircase to the Orcish Mines.
 10096 | D:11     | Got a distressingly furry leather armour
 10314 | D:11     | Identified the cursed +1 leather armour of the Gate
                  | {Regen+} (You found it on level 11 of the Dungeon)
 10588 | D:12     | Noticed a two-headed ogre
 10595 | D:12     | Killed a two-headed ogre
 10746 | D:12     | Reached ****** piety under Trog
 10845 | D:12     | Found a stormy altar of Qazlal.
 11100 | D:12     | Received a gift from Trog
 11486 | D:13     | Found a runed translucent door.
 11537 | D:13     | Lost intelligence.
 11633 | D:13     | Found a runed translucent door.
 11642 | D:13     | Found a runed translucent door.
 11645 | D:13     | Found a runed translucent door.
 11647 | D:13     | Noticed a two-headed ogre
 11936 | D:13     | Noticed an ettin
 11936 | D:13     | Noticed a fire dragon
 11977 | D:13     | Killed from afar by a fire dragon

Illustrated notes

Levels and vault maps discovered:
D:1:      minmay_arrival_split_and_join, layout_rooms
D:2:      minmay_roachtagon, layout_rooms, okawaru_metal_pillars_1_2,
          elyvilon_altar_3
D:3:      layout_basic, riverfiend_overflow_shadow_ancestor,
          amethyst_overflow_temple_binary, minmay_misc_feat_nine_boxes,
          uniq_natasha, uniq_jessica
D:4:      layout_loops_cross, minmay_temple_entry_tees,
          nicolae_ru_the_path_less_chosen, uniq_edmund, uniq_duvessa, uniq_ijyb,
          uniq_crazy_yiuf_cottage
D:5:      layout_basic, basic_altar, uniq_blork_the_orc
D:6:      layout_rooms, lemuel_round_altar, overflow_temple_1_default,
          grunt_decor_arrowhead, lemuel_blue_sif_altar, uniq_prince_ribbit1,
          uniq_grinder
D:7:      layout_layer_cave, fedhas_altar_2
D:8:      layout_rooms, erik_lair_dragon, serial_ice, serial_ice_h,
          serial_ice_f, serial_ice_g, serial_ice_c
D:9:      hangedman_cross_cluster, layout_loops_ring, special_room
          [special_room_orc], uniq_joseph
D:10:     layout_long_grid, minmay_misc_feat_five
D:11:     layout_roguey, orc_0_dummy, portal_ice_cave_entry_pillars_1,
          kennysheep_generic_room_11
D:12:     layout_loops_ring, grunt_qazlal_sundering
D:13:     layout_basic, david_vaults_4, minmay_statue_crystal_thing

Skill      XL: |  1  2  3  4  5  6  7  8  9 10 11 12 |
---------------+-------------------------------------+-----
Maces & Flails | 4 5 6 7 8 9 11 13 15 17 | 17.8
Fighting       | 4 5 6 7 8 10 11 12 13 | 13.4
Armour         | 5 8 9 |  9.1
Axes           | 1 4 |  4.4
Dodging        | |  2.1

Action                   |  1- 3 |  4- 6 |  7- 9 | 10-12 || total
-------------------------+-------+-------+-------+-------++-------
Melee: Mace              |    90 |    91 |       |       ||   181
       Headbutt          |    15 |    19 |    49 |   102 ||   185
       Flail             |       |    15 |   337 |       ||   352
       Morningstar       |       |    16 |     2 |       ||    18
       Great mace        |       |       |    23 |   488 ||   511
Throw: Boomerang         |       |       |       |     2 ||     2
Invok: Berserk           |     1 |     3 |     4 |     4 ||    12
  Use: Scroll            |       |    13 |     8 |    19 ||    40
       Potion            |       |       |       |     4 ||     4
 Stab: Confused          |       |       |       |     2 ||     2
       Distracted        |       |       |       |     1 ||     1
Armor: Chain mail        |    50 |    64 |   164 |    48 ||   326
       Animal skin       |     3 |       |       |       ||     3
       Ring mail         |       |       |       |   205 ||   205
Dodge: Dodged            |    53 |    45 |   124 |   295 ||   517

Table legend: (Time is in decaauts)
 A = Elapsed time spent in this place.
 B = Non-inter-level travel time spent in this place.
 C = Inter-level travel time spent in this place.
 D = Time resting spent in this place.
 E = Time spent auto-exploring this place.
 F = Levels seen in this place.
 G = Mean time per level.
                   A        B        C        D        E       F      G
               +--------+--------+--------+--------+--------+-----+--------+
         Total |  12237 |  12040 |    197 |   2140 |   6527 |  14 |  874.1 |
       Dungeon |  11898 |  11701 |    197 |   1960 |   6527 |  13 |  915.2 |
      Ice Cave |    339 |    339 |      0 |    180 |      0 |   1 |  339.0 |
               +--------+--------+--------+--------+--------+-----+--------+

Top non-repeatable levels by time:
     D:7: 1332 daAuts
     D:3: 1218 daAuts
     D:4: 1200 daAuts
     D:9: 1163 daAuts
    D:12: 962 daAuts
     D:8: 931 daAuts
    D:10: 896 daAuts
    D:13: 855 daAuts
     D:5: 792 daAuts
     D:2: 712 daAuts
     D:1: 686 daAuts
    D:11: 658 daAuts
     D:6: 487 daAuts
   IceCv: 339 daAuts
